 Dungeon Crawl Stone Soup version 0.21.1-1-g345015fe64 (webtiles) character file.

103 Kalelzar the Purveyor of Pain (level 4, -2/24 HPs)
             Began as a Deep Elf Necromancer on July 27, 2018.
             Was an Initiate of Kikubaaqudgha.
             Killed by nerve-wracking pain
             ... invoked by Grinder
              (6 damage)
             ... on level 3 of the Dungeon.
             The game lasted 00:25:12 (4147 turns).

Kalelzar the Purveyor of Pain (DENe)                Turns: 4147, Time: 00:25:13

Health: -2/24      AC:  2    Str:  5    XL:     4   Next: 51%
Magic:  7/12       EV: 13    Int: 21    God:    Kikubaaqudgha [......]
Gold:   113        SH:  0    Dex: 15    Spells: 3/12 levels left

rFire    + . .     SeeInvis .   j - -1 hunting sling
rCold    . . .     Gourm    .   (no shield)
rNeg     . . .     Faith    .   a - +0 robe
rPois    .         Spirit   .   (no helmet)
rElec    .         Reflect  .   (no cloak)
rCorr    .         Harm     .   (no gloves)
MR       .....                  (no boots)
Stlth    ++........             (no amulet)
HPRegen  0.08/turn              i - ring of wizardry
MPRegen  0.13/turn              k - ring of protection from fire

@: no status effects
A: no striking features
a: Renounce Religion


You were on level 3 of the Dungeon.
You worshipped Kikubaaqudgha.
Kikubaaqudgha was noncommittal.
You were not hungry.

You visited 1 branch of the dungeon, and saw 3 of its levels.

You collected 113 gold pieces.

Inventory:

Hand Weapons
 j - a -1 hunting sling (weapon)
Missiles
 h - 50 stones (quivered)
Armour
 a - a +0 robe (worn)
Jewellery
 i - a ring of wizardry (left hand)
 k - a ring of protection from fire (right hand)
Wands
 q - a wand of disintegration (14)
Scrolls
 d - a scroll of remove curse
 m - a scroll of blinking {unknown}
 p - a scroll of enchant weapon {unknown}
Potions
 e - a potion of resistance {unknown}
 f - a potion of flight {unknown}
 g - 3 potions of heal wounds {unknown}
 l - a potion of haste {unknown}
 n - a potion of degeneration {unknown}
 r - a potion of agility {unknown}
Books
 b - a book of Necromancy

   Spells                             Type                      Level
   a - Pain                           Necromancy                   1
   b - Animate Skeleton               Necromancy                   1
   c - Vampiric Draining              Necromancy                   3
   d - Regeneration                   Charms/Necromancy            3
   e - Animate Dead                   Necromancy                   4
   f - Borgnjor's Vile Clutch         Necromancy/Earth             5
Comestibles
 c - 2 rations


   Skills:
 - Level 2.5 Dodging
 - Level 2.6 Stealth
 * Level 4.7 Spellcasting
 + Level 6.2 Necromancy


You had 3 spell levels left.
You knew the following spells:

 Your Spells              Type           Power        Failure   Level  Hunger
a - Pain                  Necr           ####         1%          1    None
b - Animate Skeleton      Necr           N/A          1%          1    None
c - Animate Dead          Necr           N/A          3%          4    ####...
d - Regeneration          Chrm/Necr      ###.......   3%          3    ##.....


Dungeon Overview and Level Annotations

Branches:
Dungeon (3/15)

Altars:
Gozag
Kikubaaqudgha
Xom
The Shining One

Annotations:
D:3 Grinder


Message History

You see here a quarterstaff.
You start resting.
Grinder is nearby!
Grinder blinks!
Grinder gestures at you.
You suddenly lose the ability to move!
Grinder gestures at you.
You barely resist. Grinder gestures at you. You resist with significant effort.
Grinder gestures at you.
You barely resist.
You can move again.
Casting: Pain
Confirm with . or Enter, or press ? or * to list all spells.
You can't see any susceptible monsters within range! (Use Z to cast anyway.) Grinder gestures at you.
Pain shoots through your body!
You die...
Kikubaaqudgha rasps: "You have failed me!
Welcome... death!"

#5# #.# #..# #### #.# #.#
##.######.## #######.####.#
#.##.. ..## #..........#)#
#.##.###.## #..........#5#
#.##..##.## ...........#.#
#........##
_..._...####.######..#.......
.......#####.....)...........
..⌠.... #..@.#.#.##.#.......
....... #........##.#.#.####
......# #........##...#.#
#................
.......#####....## #
##....### #..... #....#
#..... #.....


You could see Grinder.

Vanquished Creatures
  2 adders
  An ooze (D:1)
  2 worms
  A dart slug (D:1)
  3 leopard geckos
  An orc (D:3)
  A giant cockroach (D:1)
  8 goblins
  4 hobgoblins
  12 jackals
  2 quokkas (D:2)
  7 bats
  4 frilled lizards
  11 kobolds
  5 rats
64 creatures vanquished.

Notes
Turn   | Place    | Note
-------+----------+-------------------------------------------
     0 | D:1      | Kalelzar the Deep Elf Necromancer began the quest for the Orb.
     0 | D:1      | Reached XP level 1. HP: 10/10 MP: 6/6
     3 | D:1      | Learned a level 1 spell: Animate Skeleton
    31 | D:1      | Reached skill level 5 in Necromancy
   244 | D:1      | Reached XP level 2. HP: 15/15 MP: 6/8
  1068 | D:1      | Reached XP level 3. HP: 12/19 MP: 3/9
  2260 | D:2      | Found an ancient bone altar of Kikubaaqudgha.
  2306 | D:2      | Became a worshipper of Kikubaaqudgha
  2349 | D:2      | Reached skill level 6 in Necromancy
  2388 | D:2      | Reached XP level 4. HP: 10/24 MP: 0/12
  2645 | D:2      | Found an opulent altar of Gozag.
  2715 | D:2      | Learned a level 4 spell: Animate Dead
  2720 | D:2      | Learned a level 3 spell: Regeneration
  4108 | D:3      | Found a shimmering altar of Xom.
  4109 | D:3      | Found a glowing golden altar of the Shining One.
  4109 | D:3      | Noticed Grinder
  4141 | D:3      | Paralysed by Grinder for 6 turns
  4147 | D:3      | Killed from afar by Grinder

Skill      XL: |  1  2  3 |
---------------+----------+-----
Necromancy     | 5 6 |  6.2
Spellcasting   | 4 |  4.7
Dodging        | |  2.5
Stealth        | |  2.6

Action                   |  1- 3 |  4- 6 || total
-------------------------+-------+-------++-------
Melee: Unarmed           |     2 |     2 ||     4
 Fire: Hunting sling     |       |     1 ||     1
 Cast: Pain              |    79 |    24 ||   103
       Animate Skeleton  |    15 |     4 ||    19
       Regeneration      |       |     1 ||     1
  Use: Scroll            |     4 |     2 ||     6
       Potion            |     1 |     1 ||     2
  Eat: Ration            |     1 |     2 ||     3
       Chunk             |       |     1 ||     1
Armor: Robe              |     8 |     6 ||    14
Dodge: Dodged            |    40 |     7 ||    47
